 Dungeon Crawl Stone Soup version 0.18.1-6-gd335043 (webtiles) character file.

191 Implojin the Insei (level 5, 0/41 HPs)
             Began as a Mummy Monk on May 20, 2016.
             Slain by a river rat (5 damage)
             ... in a sewer.
             The game lasted 00:07:43 (4818 turns).

Implojin the Insei (Mummy Monk)                     Turns: 4818, Time: 00:07:44

Health: 0/41       AC:  1    Str: 15    XL:     5   Next: 42%
Magic:  14/14      EV: 13    Int:  9    God:
Gold:   158        SH:  0    Dex: 15    Spells: 0 memorised, 4 levels left

rFire  x . .     SeeInvis .       - Unarmed
rCold  + . .     Gourm    .     (no armour)
rNeg   + + +     Faith    .     (no shield)
rPois  ∞         Spirit   .     (no helmet)
rElec  .         Dismiss  .     g - +0 cloak
rCorr  .         Reflect  .     (no gloves)
SustAt .         Harm     .     (no boots)
MR     +....                    (no amulet)
Stlth  ++........               h - ring of protection from magic
                                b - ring of magical power

@: somewhat resistant to hostile enchantments, unstealthy
A: no food or potions, fire vulnerability, cold resistance 1, negative energy
resistance 3, torment resistance, unbreathing
a: no special abilities


You were in a sewer.
You were not hungry.

You visited 1 branch of the dungeon, and saw 4 of its levels.
You also visited: Sewer.

You collected 158 gold pieces.

Inventory:

Armour
 g - a +0 cloak (worn)
Jewellery
 b - a ring of magical power (left hand)
 e - a cursed amulet of inaccuracy {unknown}
 h - a ring of protection from magic (right hand)
Wands
 l - a wand of acid (13/15)
Scrolls
 a - 3 scrolls of teleportation
 c - a scroll of amnesia
 d - a scroll of remove curse
 f - 2 scrolls of enchant armour {unknown}
 i - a scroll of blinking
 j - a scroll of magic mapping
 k - a scroll of fear {unknown}


   Skills:
 - Level 3.0 Fighting
 - Level 2.4 Dodging
 - Level 1.5 Stealth
 * Level 5.6 Unarmed Combat


You had 4 spell levels left.
You didn't know any spells.

Dungeon Overview and Level Annotations

Branches:
Dungeon (4/15)             Temple (0/1) D:4

Altars:
Sif Muna


Innate Abilities, Weirdness & Mutations

You do not eat or drink.
Your flesh is vulnerable to fire.
You are immune to poison.
Your flesh is cold resistant.
You are immune to negative energy.
You are immune to unholy pain and torment.
You can survive without breathing.


Message History

* * * LOW HITPOINT WARNING * * *
The river rat twitches its whiskers.
The river rat barely misses you. The river rat bites you.
* * * LOW HITPOINT WARNING * * *
The river rat misses you. The river rat closely misses you.
The river rat barely misses you.
You punch the rat!
You kill the rat!
The river rat bites you.
* * * LOW HITPOINT WARNING * * *
You hit the river rat but do no damage.
You punch the river rat, but do no damage.
The river rat is heavily wounded.
You hit the river rat but do no damage.
The river rat is heavily wounded.
The river rat barely misses you.
You closely miss the river rat.
The river rat is heavily wounded.
The river rat bites you!
* * * LOW HITPOINT WARNING * * *
You hit the river rat.
The river rat is almost dead.
The river rat closely misses you. The rat bites you.
* * * LOW HITPOINT WARNING * * *
Read which item? (? for menu, Esc to quit)
Okay, then.
Unknown command.
Read which item? (? for menu, Esc to quit)
Okay, then.
The rat twitches its whiskers.
The river rat bites you.
* * * LOW HITPOINT WARNING * * *
The rat barely misses you. The river rat barely misses you.
The rat closely misses you.
You barely miss the river rat.
The river rat is almost dead.
The river rat bites you.
You die...

#†≈≈≈≈≈# #≈≈≈≈≈
#†≈≈≈≈≈# #≈≈≈≈≈
#≈≈≈≈≈≈# #≈≈≈≈≈
#≈≈≈≈≈≈# #≈≈≈≈≈
#≈≈≈≈≈≈# #≈≈≈≈≈
#≈≈≈≈≈≈# #≈≈≈≈≈
#≈≈r≈≈≈# #≈≈≈≈≈
#≈≈rr≈≈# #≈≈≈≈≈
#.≈@≈.≈# #≈≈≈≈†
#......## ##.....
##......######......
#........##........
##................#
##............†.##
###..........###
####....#### ######


You could see a river rat and 2 rats.

Vanquished Creatures
  4 gnolls (D:3)
  4 adders
  A river rat (Sewer)
  2 worms (D:3)
  2 dart slugs
  2 giant geckos
  5 ball pythons
  7 giant cockroaches
  11 goblins
  7 hobgoblins
  6 jackals (D:1)
  A quokka (D:3)
  10 bats
  2 giant newts (D:2)
  8 kobolds
  29 rats
101 creatures vanquished.

Notes
Turn   | Place    | Note
--------------------------------------------------------------
     0 | D:1      | Implojin the Mummy Monk began the quest for the Orb.
     0 | D:1      | Reached XP level 1. HP: 18/18 MP: 1/1
   252 | D:1      | Reached XP level 2. HP: 21/24 MP: 2/2
   583 | D:1      | Reached skill level 4 in Unarmed Combat
  1244 | D:1      | Reached XP level 3. HP: 18/29 MP: 3/3
  2420 | D:2      | Found a faded altar to an unknown god.
  2730 | D:2      | Reached XP level 4. HP: 35/35 MP: 4/4
  2760 | D:2      | Found a deep blue altar of Sif Muna.
  3713 | D:3      | Reached skill level 5 in Unarmed Combat
  3941 | D:3      | Reached XP level 5. HP: 20/41 MP: 5/5
  4294 | D:4      | Found a glowing drain.
  4395 | Sewer    | Entered a sewer
  4818 | Sewer    | Slain by a river rat

Skill      XL: |  1  2  3  4 |
---------------+-------------+-----
Unarmed Combat | 4 5 |  5.6
Fighting       | |  3.0
Dodging        | |  2.4
Stealth        | |  1.5

Action                   |  1- 3 |  4- 6 || total
-------------------------+-------+-------++-------
Melee: Unarmed           |   142 |   191 ||   333
       Punch             |     4 |    12 ||    16
  Use: Scroll            |       |     6 ||     6
 Stab: Sleeping          |     4 |     2 ||     6
Armor: Skin              |     7 |    11 ||    18
Dodge: Dodged            |    80 |   109 ||   189

Table legend:
 A = Turns spent in this place as a percentage of turns spent in the entire game.
 B = Non-inter-level travel turns spent in this place as a percentage of non-inter-level travel turns spent in the entire game.
 C = Inter-level travel turns spent in this place as a percentage of turns spent in this place.
 D = Turns resting spent in this place as a percentage of non-inter-level travel turns spent in this place.
 E = Turns spent auto-exploring this place as a percentage of non-inter-level travel turns spent in this place.
 F = Non-inter-level travel turns spent in this place divided by the number of levels of this place that you've seen.
                   A       B       C       D       E      F
               +-------+-------+-------+-------+-------+----------------------
         Total | 100.0 | 100.0 |   0.2 |   5.5 |   5.9 | 270.0
       Dungeon |  78.6 |  78.6 |   0.3 |   6.0 |   7.5 | 265.2
         Sewer |  21.4 |  21.4 |   0.0 |   3.5 |   0.0 | 289.0
               +-------+-------+-------+-------+-------+----------------------

Table legend:
 A = Kills in this place as a percentage of kills in entire the game.
 B = Kills by you in this place as a percentage of kills by you in the entire game.
 C = Kills by friends in this place as a percentage of kills by friends in the entire game.
 D = Other kills in this place as a percentage of other kills in the entire game.
 E = Experience gained in this place as a percentage of experience gained in the entire game.
 F = Experience gained in this place divided by the number of levels of this place that you have seen.
                   A       B       C       D       E      F
               +-------+-------+-------+-------+-------+----------------------
         Total | 100.0 | 100.0 |  -nan |  -nan | 100.0 |  54.8
       Dungeon |  86.1 |  86.1 |  -nan |  -nan |  85.4 |  58.5
         Sewer |  13.9 |  13.9 |  -nan |  -nan |  14.6 |  40.0
               +-------+-------+-------+-------+-------+----------------------
